[Event "Israeli U18-Team-ch 2024"]
[Site "Rishon LeZion"]
[Date "2024.08.01"]
[Round "4.2"]
[White "Uritsky, Yonathan"]
[Black "Vagman, Roy"]
[Result "0-1"]
[ECO "A29"]
[WhiteElo "2173"]
[BlackElo "2308"]
[Annotator "RC"]
[PlyCount "98"]
[EventDate "2024.08.01"]
[EventType "team-tourn"]
[EventCountry "ISR"]
[SourceTitle "playchess.com"]
[Source "ChessBase"]
[SourceQuality "1"]
[TimeControl "3000+10"]

1. c4 e5 2. g3 Nf6 3. Bg2 d5 4. cxd5 Nxd5 5. Nc3 Nb6 6. Nf3 Nc6 7. O-O Be7 8. b4 Bxb4 9. Bb2 O-O 10. d3 Be6 11. a3 Be7 12. Na4 f6 13. Rc1 Nxa4 14. Qxa4 Qd7 15. Nd2 Bd5 16. Ne4 Rfd8 17. Nc5 Bxc5 18. Rxc5 Bxg2 19. Kxg2 Nd4 20. Qxd7 Rxd7 21. Bxd4 exd4 22. Rfc1 c6 23. a4 Re8 24. Kf3 Kf7 25. a5 a6 26. Rb1 Re6 27. Rb4 Ke7 28. h4 g6 29. h5 g5 30. Rb2 Kd6 31. Rc4 Kc7 32. Rc5 Rde7 33. Rc4 Re5 34. Rcb4 Rb5 35. Rxb5 axb5 36. Rb4 f5 37. Rxd4 c5 38. Rd5 g4+ 39. Kf4 Kc6 40. Rxf5 Rxe2 41. Kxg4 b4 42. f4 Re6 43. Rf8 b3 44. Rc8+ Kb5 45. f5 Re1 46. Rc7 Ka6 47. Rc8 b2 48. Ra8+ Kb5 49. a6 Kb6 0-1

[Event "Israeli U18-Team-ch 2024"]
[Site "Rishon LeZion"]
[Date "2024.08.01"]
[Round "4.3"]
[White "Pelech, Roee"]
[Black "Kochavi, Dana"]
[Result "1-0"]
[ECO "D00"]
[WhiteElo "2267"]
[BlackElo "2135"]
[Annotator "RC"]
[PlyCount "71"]
[EventDate "2024.08.01"]
[EventType "team-tourn"]
[EventCountry "ISR"]
[SourceTitle "playchess.com"]
[Source "ChessBase"]
[SourceQuality "1"]
[TimeControl "3000+10"]

1. d4 Nf6 2. Nc3 d5 3. Bf4 e6 4. Nb5 Na6 5. e3 Be7 6. Nf3 O-O 7. Bd3 c6 8. Nc3 c5 9. Bxa6 bxa6 10. Ne5 Bb7 11. O-O Nd7 12. Qg4 cxd4 13. exd4 Re8 14. Rfe1 Bf8 15. Nxd7 Qxd7 16. Re3 Rad8 17. Rae1 Bc8 18. Be5 Qe7 19. Rf3 Kh8 20. Qh5 f6 21. Rh3 h6 22. Bf4 e5 23. Rf3 e4 24. Nxd5 Qd7 25. Nc7 exf3 26. Rxe8 Qxd4 27. Rxd8 Qxd8 28. Qxf3 Bd6 29. Bxd6 Qxd6 30. Nd5 Bb7 31. c4 Qe5 32. Qc3 Qe4 33. h3 Qb1+ 34. Kh2 Qxa2 35. Nxf6 Bxg2 36. Nh5 1-0

[Event "Israeli U18-Team-ch 2024"]
[Site "Rishon LeZion"]
[Date "2024.08.01"]
[Round "4.4"]
[White "Duchan, Yoav"]
[Black "Zakin, Ilay"]
[Result "0-1"]
[ECO "B25"]
[WhiteElo "2008"]
[BlackElo "2306"]
[Annotator "RC"]
[PlyCount "62"]
[EventDate "2024.08.01"]
[EventType "team-tourn"]
[EventCountry "ISR"]
[SourceTitle "playchess.com"]
[Source "ChessBase"]
[SourceQuality "1"]
[TimeControl "3000+10"]

1. g3 g6 2. Bg2 Bg7 3. d3 d6 4. Nc3 Nf6 5. e4 c5 6. f4 O-O 7. Nf3 Nc6 8. O-O Rb8 9. h3 b5 10. Be3 Nd7 11. d4 b4 12. Ne2 Ba6 13. Rf2 Nf6 14. Ne1 Bxe2 15. Rxe2 Nxd4 16. Bxd4 cxd4 17. Qxd4 Nh5 18. Qe3 Bxb2 19. Rb1 Bc3 20. g4 e5 21. fxe5 dxe5 22. Qh6 Nf4 23. Rf2 Bd4 24. Nf3 Bxf2+ 25. Kxf2 f6 26. Bf1 Qb6+ 27. Kg3 Qe3 28. Bc4+ Kh8 29. g5 fxg5 30. Rf1 g4 31. Kxg4 Ng2 0-1

[Event "Israeli U18-Team-ch 2024"]
[Site "Rishon LeZion"]
[Date "2024.08.01"]
[Round "4.6"]
[White "Milikow, Elie"]
[Black "Meirovich, Ilay"]
[Result "1-0"]
[ECO "B29"]
[WhiteElo "2399"]
[BlackElo "1957"]
[Annotator "RC"]
[PlyCount "51"]
[EventDate "2024.08.01"]
[EventType "team-tourn"]
[EventCountry "ISR"]
[SourceTitle "playchess.com"]
[Source "ChessBase"]
[SourceQuality "1"]
[TimeControl "3000+10"]

1. e4 c5 2. Nf3 Nf6 3. e5 Nd5 4. Nc3 e6 5. g3 d6 6. Bg2 Nc6 7. exd6 Bxd6 8. O-O O-O 9. Re1 Be7 10. d4 cxd4 11. Nxd4 Bf6 12. Nxd5 Bxd4 13. Ne3 Qb6 14. Qe2 Rd8 15. c3 Bc5 16. Nc4 Qc7 17. Bf4 Qe7 18. b4 Bb6 19. Nxb6 axb6 20. Be3 Qc7 21. Qb5 Ra6 22. Qc4 b5 23. Qxb5 e5 24. Qc5 Be6 25. b5 Ra5 26. Bxc6 1-0

[Event "Israeli U18-Team-ch 2024"]
[Site "Rishon LeZion"]
[Date "2024.08.01"]
[Round "4.7"]
[White "Abitbul, Matan"]
[Black "Gilor, Amit"]
[Result "1-0"]
[ECO "B07"]
[WhiteElo "2035"]
[BlackElo "1905"]
[Annotator "RC"]
[PlyCount "71"]
[EventDate "2024.08.01"]
[EventType "team-tourn"]
[EventCountry "ISR"]
[SourceTitle "playchess.com"]
[Source "ChessBase"]
[SourceQuality "1"]
[TimeControl "3000+10"]

1. d4 Nf6 2. g3 g6 3. Bg2 Bg7 4. e4 d6 5. Nc3 Nbd7 6. Nge2 e5 7. h3 O-O 8. O-O Re8 9. Re1 exd4 10. Nxd4 Nc5 11. Nb3 Nxb3 12. axb3 Qe7 13. Bg5 c6 14. Qd2 Be6 15. Rad1 Red8 16. Nd5 cxd5 17. exd5 Qd7 18. dxe6 fxe6 19. Qf4 e5 20. Qf3 Qf5 21. Qxf5 gxf5 22. Bxb7 Rab8 23. Bg2 Kf7 24. Ra1 Rd7 25. Be3 Rc8 26. c3 Rcc7 27. Ra5 d5 28. Rd1 Ke6 29. f4 Ne4 30. Bxe4 fxe4 31. f5+ Kf6 32. Rdxd5 Rxd5 33. Rxd5 Kxf5 34. Kf2 Rf7 35. Ke2 Kg6 36. Ra5 1-0

[Event "Israeli U18-Team-ch 2024"]
[Site "Rishon LeZion"]
[Date "2024.08.01"]
[Round "4.8"]
[White "Magen, Ofek"]
[Black "Berlad, Asaf"]
[Result "1-0"]
[ECO "D32"]
[WhiteElo "1911"]
[BlackElo "1955"]
[Annotator "RC"]
[PlyCount "61"]
[EventDate "2024.08.01"]
[EventType "team-tourn"]
[EventCountry "ISR"]
[SourceTitle "playchess.com"]
[Source "ChessBase"]
[SourceQuality "1"]
[TimeControl "3000+10"]

1. d4 d5 2. c4 e6 3. Nc3 c5 4. e3 Nf6 5. Nf3 a6 6. dxc5 Bxc5 7. cxd5 exd5 8. Be2 O-O 9. O-O Nc6 10. b3 d4 11. Na4 Ba7 12. exd4 b5 13. Nc5 Nxd4 14. Qxd4 Qxd4 15. Nxd4 Bxc5 16. Bb2 Bb7 17. Rac1 Rac8 18. Nf5 Rfe8 19. Bd3 Red8 20. Rcd1 Ne8 21. Bb1 f6 22. h3 Kf8 23. Nd4 Bxd4 24. Bxd4 Kf7 25. b4 Bd5 26. Bb6 Rd6 27. Bc5 Rdd8 28. Rfe1 Be6 29. Be4 Bxa2 30. Ra1 Rd2 31. Rxa2 1-0

[Event "Israeli U18-Team-ch 2024"]
[Site "Rishon LeZion"]
[Date "2024.08.01"]
[Round "4.9"]
[White "Orian, Noga"]
[Black "Ribstein, Orel"]
[Result "1-0"]
[ECO "E73"]
[WhiteElo "2113"]
[BlackElo "2066"]
[Annotator "RC"]
[PlyCount "83"]
[EventDate "2024.08.01"]
[EventType "team-tourn"]
[EventCountry "ISR"]
[SourceTitle "playchess.com"]
[Source "ChessBase"]
[SourceQuality "1"]
[TimeControl "3000+10"]

1. d4 Nf6 2. c4 g6 3. h4 Bg7 4. Nc3 d6 5. e4 O-O 6. Be2 c5 7. d5 b5 8. cxb5 a6 9. bxa6 Bxa6 10. Nf3 Qa5 11. O-O Nbd7 12. Bg5 Rfb8 13. Qc2 Qb4 14. Rab1 h6 15. Bf4 Ng4 16. Rfc1 Bxe2 17. Qxe2 Nge5 18. Nxe5 Nxe5 19. b3 Nd7 20. Bd2 Qa3 21. Rc2 h5 22. Qf1 Ne5 23. Nb5 Qa6 24. a4 Rb7 25. Rcc1 Rab8 26. Bc3 Qb6 27. Na3 Qd8 28. Qd1 Bh6 29. Nb5 Bxc1 30. Qxc1 Rxb5 31. axb5 Rxb5 32. Qc2 Nd7 33. Ra1 Qb8 34. Ra3 Qd8 35. Ra7 f6 36. e5 Nxe5 37. Bxe5 dxe5 38. Qxg6+ Kf8 39. Qxh5 Qxd5 40. Qh8+ Kf7 41. Qh7+ Ke6 42. Rxe7+ 1-0

[Event "Israeli U18-Team-ch 2024"]
[Site "Rishon LeZion"]
[Date "2024.08.01"]
[Round "4.10"]
[White "Azoulay, Yehonatan"]
[Black "Pevzner, Maks"]
[Result "1-0"]
[ECO "B06"]
[WhiteElo "2009"]
[BlackElo "2052"]
[Annotator "RC"]
[PlyCount "105"]
[EventDate "2024.08.01"]
[EventType "team-tourn"]
[EventCountry "ISR"]
[SourceTitle "playchess.com"]
[Source "ChessBase"]
[SourceQuality "1"]
[TimeControl "3000+10"]

1. e4 c5 2. Nf3 g6 3. c3 d5 4. exd5 Qxd5 5. d4 Bg7 6. Be3 cxd4 7. cxd4 Nf6 8. Nc3 Qa5 9. Bc4 O-O 10. O-O a6 11. a3 b5 12. Be2 Bb7 13. Ne5 Nbd7 14. Bf3 Qc7 15. Bf4 Qb6 16. Re1 Rad8 17. Qe2 Nxe5 18. Bxe5 Rd7 19. a4 b4 20. a5 Bxf3 21. Qxf3 Qb7 22. Qxb7 Rxb7 23. Na4 Nd5 24. Nc5 Rb5 25. Bxg7 Kxg7 26. Rec1 Ra8 27. Nb3 e6 28. Rc6 Ne7 29. Rc7 Nf5 30. g4 Nh4 31. Rc6 e5 32. dxe5 Nf3+ 33. Kg2 Nxe5 34. Rc7 Nd3 35. Rd1 Rd5 36. Kf1 Rad8 37. Rc2 f5 38. g5 Kf7 39. Rc7+ R8d7 40. Rxd7+ Rxd7 41. Rd2 Ke6 42. Rxd3 Rc7 43. Ke2 f4 44. Kf3 Ke5 45. Nd2 Rc2 46. b3 Rc3 47. Nc4+ Kf5 48. Rxc3 bxc3 49. Ke2 Ke4 50. f3+ Kd4 51. Na3 Kc5 52. Nc2 Kb5 53. Kd3 1-0

[Event "Israeli U18-Team-ch 2024"]
[Site "Rishon LeZion"]
[Date "2024.08.01"]
[Round "4.11"]
[White "Zuev, Ilya"]
[Black "Sternfeld, Tomer"]
[Result "0-1"]
[ECO "D37"]
[WhiteElo "1908"]
[BlackElo "1928"]
[Annotator "RC"]
[PlyCount "74"]
[EventDate "2024.08.01"]
[EventType "team-tourn"]
[EventCountry "ISR"]
[SourceTitle "playchess.com"]
[Source "ChessBase"]
[SourceQuality "1"]
[TimeControl "3000+10"]

1. Nf3 d5 2. d4 e6 3. c4 h6 4. Nc3 Nf6 5. Bf4 Bd6 6. Bxd6 Qxd6 7. e3 a6 8. c5 Qe7 9. Bd3 Nc6 10. O-O e5 11. dxe5 Nxe5 12. Be2 c6 13. Nxe5 Qxe5 14. Qd4 Qe7 15. b4 O-O 16. a4 Bf5 17. Rac1 Rfc8 18. Rfd1 Nd7 19. e4 dxe4 20. Nxe4 Bxe4 21. Qxd7 Qg5 22. Qg4 Qe5 23. Bc4 h5 24. Qd7 Qf6 25. Re1 Bf5 26. Qe7 Qg6 27. Qxb7 Rcb8 28. Qc7 Rxb4 29. Re7 Rf8 30. Qd6 Qg5 31. f4 Qh4 32. g3 Qg4 33. Rxf7 Rxf7 34. Qd8+ Kh7 35. Bxf7 Qe2 36. Qd1 Qe3+ 37. Kg2 Rb2+ 0-1

[Event "Israeli U18-Team-ch 2024"]
[Site "Rishon LeZion"]
[Date "2024.08.01"]
[Round "4.12"]
[White "Belkovsky, Guy"]
[Black "Mendler, Omer"]
[Result "1/2-1/2"]
[ECO "B53"]
[WhiteElo "1869"]
[BlackElo "1930"]
[Annotator "RC"]
[PlyCount "124"]
[EventDate "2024.08.01"]
[EventType "team-tourn"]
[EventCountry "ISR"]
[SourceTitle "playchess.com"]
[Source "ChessBase"]
[SourceQuality "1"]
[TimeControl "3000+10"]

1. e4 c5 2. Nf3 Nc6 3. Bb5 d6 4. d4 cxd4 5. Qxd4 e5 6. Qd3 Nf6 7. Bg5 Be7 8. Bxf6 Bxf6 9. Nc3 O-O 10. Nd5 Bg4 11. c3 Be7 12. Rd1 Bxf3 13. Qxf3 Qd7 14. O-O Rad8 15. Ne3 Bf6 16. Nf5 Qc7 17. Rd3 Ne7 18. Ne3 Bg5 19. Nd5 Nxd5 20. Rxd5 Be7 21. Ba4 Kh8 22. Qe2 Qb6 23. Kh1 Rc8 24. Bb3 a5 25. f4 Bf6 26. f5 Ra8 27. Qd3 Rfd8 28. Rb5 Qc7 29. Bd5 Rab8 30. Qc4 Qxc4 31. Bxc4 Rdc8 32. Bxf7 Rc5 33. Rb6 Rc6 34. Rb5 Rc5 35. Rxc5 dxc5 36. Rd1 Rd8 37. Bd5 b6 38. g3 g6 39. fxg6 hxg6 40. Kg2 Kg7 41. Kf3 Kf8 42. h4 Ke7 43. Rh1 Rh8 44. a4 Bg7 45. b4 Rb8 46. Rb1 axb4 47. cxb4 cxb4 48. Rxb4 Bh6 49. a5 Rf8+ 50. Ke2 bxa5 51. Rb7+ Kd6 52. Rb6+ Kc5 53. Rxg6 Rh8 54. h5 Bf8 55. g4 Rh6 56. Rxh6 Bxh6 57. Kf3 Kd6 58. Ke2 Ke7 59. Kd3 Kf6 60. Kc4 Bd2 61. Kd3 Bh6 62. Bb3 Bf4 1/2-1/2

[Event "Israeli U18-Team-ch 2024"]
[Site "Rishon LeZion"]
[Date "2024.08.01"]
[Round "4.13"]
[White "Shefer, Uri"]
[Black "Semo, Sagy"]
[Result "1-0"]
[ECO "D15"]
[WhiteElo "2063"]
[BlackElo "1852"]
[Annotator "RC"]
[PlyCount "47"]
[EventDate "2024.08.01"]
[EventType "team-tourn"]
[EventCountry "ISR"]
[SourceTitle "playchess.com"]
[Source "ChessBase"]
[SourceQuality "1"]
[TimeControl "3000+10"]

1. d4 d5 2. c4 c6 3. Nf3 Nf6 4. Qb3 Qb6 5. c5 Qxb3 6. axb3 Bf5 7. Nc3 Na6 8. h3 h6 9. Bf4 e6 10. e3 Nb4 11. Ra4 Nd3+ 12. Bxd3 Bxd3 13. Ne5 Bh7 14. b4 Nd7 15. b5 Nxe5 16. Bxe5 f6 17. Bg3 Kd7 18. bxc6+ bxc6 19. Kd2 Kc8 20. Rha1 Kb7 21. Rb4+ Kc8 22. Ra6 e5 23. Rxc6+ Kd7 24. Ra6 1-0

[Event "Israeli U18-Team-ch 2024"]
[Site "Rishon LeZion"]
[Date "2024.08.01"]
[Round "4.15"]
[White "Hasson Schrager, Shalev"]
[Black "Galmidi, Ram"]
[Result "1/2-1/2"]
[ECO "B52"]
[WhiteElo "1972"]
[BlackElo "1516"]
[Annotator "RC"]
[PlyCount "122"]
[EventDate "2024.08.01"]
[EventType "team-tourn"]
[EventCountry "ISR"]
[SourceTitle "playchess.com"]
[Source "ChessBase"]
[SourceQuality "1"]
[TimeControl "3000+10"]

1. e4 c5 2. Nf3 d6 3. Bb5+ Bd7 4. Bxd7+ Qxd7 5. c4 Nf6 6. Nc3 Nc6 7. d4 cxd4 8. Nxd4 g6 9. Be3 Bg7 10. f3 O-O 11. Rc1 Rac8 12. b3 a6 13. a4 e6 14. O-O d5 15. Nxc6 bxc6 16. e5 Ne8 17. Bc5 Bxe5 18. Bxf8 Kxf8 19. Qe2 Qd6 20. g3 Rb8 21. Rfd1 Bg7 22. Rd3 Qc5+ 23. Kg2 Rxb3 24. Ne4 Qb4 25. Rxb3 Qxb3 26. Nc5 Qa3 27. Nd3 Qxa4 28. cxd5 cxd5 29. Rc8 Qd7 30. Qc2 Bf6 31. Ra8 Qb7 32. Qc5+ Be7 33. Qa7 Qxa7 34. Rxa7 Bd6 35. Rxa6 Ke7 36. Ra7+ Nc7 37. Nc5 Kf6 38. Na6 Nxa6 39. Rxa6 Bb4 40. Kf1 h5 41. Ra7 d4 42. Ke2 Bc3 43. Kd3 Bb2 44. f4 Bc3 45. Rd7 Bb2 46. h3 Bc3 47. g4 hxg4 48. hxg4 Bb2 49. g5+ Kg7 50. Rd8 Bc3 51. Kc4 Bb2 52. Kb5 Bc3 53. Kc6 Bb2 54. Kd7 Bc1 55. Ke8 Bxf4 56. Rxd4 Bxg5 57. Rd7 e5 58. Rxf7+ Kh6 59. Rf1 Bf4 60. Kf7 Bg5 61. Ke8 e4 1/2-1/2

[Event "Israeli U18-Team-ch 2024"]
[Site "Rishon LeZion"]
[Date "2024.08.01"]
[Round "4.16"]
[White "Roth, Elai"]
[Black "Gurevich, Hillel"]
[Result "0-1"]
[ECO "B22"]
[WhiteElo "1623"]
[BlackElo "1871"]
[Annotator "NA RC"]
[PlyCount "60"]
[EventDate "2024.08.01"]
[EventType "team-tourn"]
[EventCountry "ISR"]
[SourceTitle "playchess.com"]
[Source "ChessBase"]
[SourceQuality "1"]
[TimeControl "3000+10"]

1. e4 c5 2. c3 e6 3. d4 d5 4. exd5 exd5 5. Nf3 Nc6 6. Bb5 Nf6 7. O-O Be7 8. Bf4 O-O 9. Bxc6 bxc6 10. Ne5 Bb7 11. Nd2 cxd4 12. cxd4 c5 13. Ndf3 Ne4 14. Qb3 Rb8 15. Qd1 Bd6 16. Nd2 f6 17. Nxe4 fxe5 18. Nxd6 Rxf4 19. dxe5 Qe7 20. Re1 Rbf8 21. Re2 c4 22. Rc1 d4 23. Nxb7 d3 24. Rd2 Qxb7 25. Qa4 c3 26. Qxf4 Rxf4 27. Rxc3 Qe4 28. Rc1 Qd4 29. Rc8+ Kf7 30. Rc7+ Kg6 0-1

[Event "Israeli U18-Team-ch 2024"]
[Site "Rishon LeZion"]
[Date "2024.08.01"]
[Round "5.2"]
[White "Vagman, Roy"]
[Black "Milikow, Elie"]
[Result "0-1"]
[ECO "B30"]
[WhiteElo "2308"]
[BlackElo "2399"]
[Annotator "RC"]
[PlyCount "114"]
[EventDate "2024.08.01"]
[EventType "team-tourn"]
[EventCountry "ISR"]
[SourceTitle "playchess.com"]
[Source "ChessBase"]
[SourceQuality "1"]
[TimeControl "3000+10"]

1. e4 c5 2. Nf3 Nc6 3. Bb5 e6 4. O-O Nge7 5. Re1 a6 6. Bf1 d5 7. exd5 Nxd5 8. d4 Nf6 9. Be3 Be7 10. c4 O-O 11. Nc3 cxd4 12. Nxd4 Ne5 13. h3 Bd7 14. Nf3 Ng6 15. a3 Qc7 16. b4 b5 17. c5 Rfd8 18. Qc2 Bc6 19. Nd4 Bb7 20. c6 Bxc6 21. Ncxb5 axb5 22. Qxc6 Qe5 23. Qxb5 Rd5 24. Qc6 Rad8 25. Nf3 Qb8 26. Rec1 R5d7 27. Qb6 Rb7 28. Qa6 Nd5 29. Bd4 Rbd7 30. Re1 Qf4 31. Bb2 Bf6 32. Bxf6 gxf6 33. Rac1 Qb8 34. Qc4 Kh8 35. g3 Rg8 36. Kh1 Qa7 37. Qa2 Nxb4 38. Qb2 Nd5 39. Bc4 Rb8 40. Qa2 Rdb7 41. Re2 Nge7 42. Qa1 Kg7 43. Kh2 Rc7 44. Bxd5 Rxc1 45. Qxc1 Nxd5 46. Kg2 Rb3 47. Re4 Ne7 48. h4 Qa8 49. Rg4+ Ng6 50. Qd1 Rxa3 51. h5 f5 52. h6+ Kxh6 53. Rd4 Kg7 54. Rd8 Qe4 55. Rd4 Qb7 56. Rd7 Qxf3+ 57. Qxf3 Rxf3 0-1

[Event "Israeli U18-Team-ch 2024"]
[Site "Rishon LeZion"]
[Date "2024.08.01"]
[Round "5.3"]
[White "Dezent, Eyal"]
[Black "Pelech, Roee"]
[Result "0-1"]
[ECO "D02"]
[WhiteElo "2076"]
[BlackElo "2267"]
[Annotator "RC"]
[PlyCount "86"]
[EventDate "2024.08.01"]
[EventType "team-tourn"]
[EventCountry "ISR"]
[SourceTitle "playchess.com"]
[Source "ChessBase"]
[SourceQuality "1"]
[TimeControl "3000+10"]

1. d4 d5 2. Bf4 Nf6 3. e3 c5 4. c3 Nc6 5. Nd2 e6 6. Ngf3 cxd4 7. exd4 Nh5 8. Be5 f6 9. Bg3 g6 10. Bd3 Bh6 11. O-O Nxg3 12. hxg3 O-O 13. Re1 Qb6 14. Nb3 e5 15. Bc2 e4 16. Nh2 f5 17. Nf1 Ne7 18. Ne3 Qc7 19. Qe2 b6 20. Nd2 Be6 21. Bb3 Rad8 22. Rac1 Nc6 23. Ndf1 Qf7 24. f4 g5 25. Qf2 b5 26. Nd2 Ne7 27. Bd1 Ng6 28. Bh5 Qc7 29. Bxg6 hxg6 30. Rf1 Rf7 31. Nb3 Rh7 32. Nc5 Bc8 33. b3 Bf8 34. c4 dxc4 35. bxc4 Rxd4 36. Nb3 Rd3 37. cxb5 Qd8 38. Nc4 Be6 39. Ne5 Rd5 40. Nxg6 Ba3 41. Rc6 Bd7 42. Rc2 Bxb5 43. Rfc1 Rd1+ 0-1

[Event "Israeli U18-Team-ch 2024"]
[Site "Rishon LeZion"]
[Date "2024.08.01"]
[Round "5.4"]
[White "Zakin, Ilay"]
[Black "Magen, Ofek"]
[Result "0-1"]
[ECO "B43"]
[WhiteElo "2306"]
[BlackElo "1911"]
[Annotator "RC"]
[PlyCount "158"]
[EventDate "2024.08.01"]
[EventType "team-tourn"]
[EventCountry "ISR"]
[SourceTitle "playchess.com"]
[Source "ChessBase"]
[SourceQuality "1"]
[TimeControl "3000+10"]

1. e4 c5 2. Nf3 e6 3. d4 cxd4 4. Nxd4 a6 5. Nc3 b5 6. g3 Bb7 7. Bg2 Nf6 8. O-O b4 9. Na4 Bxe4 10. Bxe4 Nxe4 11. c4 bxc3 12. Re1 Nf6 13. bxc3 Nc6 14. Nf5 Qa5 15. g4 h5 16. Bf4 Nxg4 17. Ng3 Be7 18. Rb1 O-O 19. Rb7 Bc5 20. Ne4 Ba7 21. h3 Qf5 22. Bg3 Nge5 23. Kg2 d5 24. Nd6 Qg6 25. Kh2 Bb8 26. Rxe5 Bxd6 27. Rxh5 Bxg3+ 28. fxg3 Rab8 29. Rb3 Na5 30. Rb4 Nc4 31. Rh4 Rxb4 32. cxb4 Rc8 33. Qe2 Ne3 34. Nc5 Nf5 35. Rg4 Qf6 36. Rf4 Qg5 37. Qf2 a5 38. bxa5 Rxc5 39. Rxf5 Qc1 40. Re5 Rc2 41. Re2 Rc4 42. a6 Qa3 43. Qb6 Ra4 44. Qd8+ Qf8 45. Qb6 Qa8 46. Qc7 Rxa6 47. Rf2 Ra7 48. Qf4 d4 49. Qxd4 Rxa2 50. Rxa2 Qxa2+ 51. Kg1 Qd5 52. Qb4 e5 53. Kf2 g6 54. Ke3 Qe6 55. g4 Qf6 56. Qe4 Qf1 57. Qxe5 Qxh3+ 58. Kf4 Qh2+ 59. Ke4 Qxe5+ 60. Kxe5 Kg7 61. g5 Kf8 62. Kd5 Ke8 63. Kc6 Ke7 64. Kd5 f6 65. Ke4 fxg5 66. Ke5 Kf7 67. Ke4 Ke6 68. Kf3 Kf5 69. Kg3 g4 70. Kg2 Kf4 71. Kf2 g3+ 72. Kg2 Kg4 73. Kg1 Kf3 74. Kf1 g5 75. Kg1 g2 76. Kh2 Kf2 77. Kh3 g1=R 78. Kh2 Rg4 79. Kh3 Rh4# 0-1

[Event "Israeli U18-Team-ch 2024"]
[Site "Rishon LeZion"]
[Date "2024.08.01"]
[Round "5.5"]
[White "Levin, Guy"]
[Black "Brezis, Ari"]
[Result "1/2-1/2"]
[ECO "D53"]
[WhiteElo "2470"]
[BlackElo "2028"]
[Annotator "TA"]
[PlyCount "83"]
[EventDate "2024.08.01"]
[EventType "team-tourn"]
[EventCountry "ISR"]
[SourceTitle "playchess.com"]
[Source "ChessBase"]
[SourceQuality "1"]
[TimeControl "3000+10"]

1. c4 e6 2. Nc3 d5 3. d4 Nf6 4. Bg5 Be7 5. e3 a6 6. cxd5 exd5 7. Bd3 c6 8. Nge2 {[%emt 0:00:46] White is slightly better.} Nbd7 9. O-O O-O 10. f3 Re8 11. Qc2 h6 12. Bh4 c5 13. Rae1 b5 14. dxc5 Nxc5 15. Nd4 Be6 16. Nxe6 Nxe6 17. Rd1 Rc8 {[%emt 0:01:10] [#] And now ...b4 would win.} 18. Qb1 Qb6 19. Rfe1 Ng5 20. Bf5 Rcd8 21. Kh1 b4 22. Na4 Qb5 23. b3 Bd6 24. Qd3 Rb8 25. e4 (25. Rc1 $14) 25... Qxd3 (25... dxe4 {simplifies} 26. Qxb5 Rxb5 27. Bxg5 Rxf5 28. Bxf6 Rxf6 29. Rxe4 Rxe4 30. fxe4 Bc7) 26. Rxd3 g6 27. Bh3 (27. Bd7 $11 {should be considered.} Nxd7 28. Rxd5) 27... Rb5 (27... dxe4 $2 {is the wrong capture.} 28. Rxd6 Nxh3 29. Rxf6 $18 (29. gxh3 Nh5 $18)) (27... Nxh3 $17 28. gxh3 Be7 (28... dxe4 $2 {perishes.} 29. Rxd6 Nh5 30. fxe4 $18) (28... g5 29. Bf2 $17)) 28. Bxg5 (28. Red1 $1 $11) 28... hxg5 $15 29. Red1 g4 30. Bxg4 Nxg4 31. fxg4 Rxe4 32. g3 Rxg4 33. Rxd5 Be5 34. Nc5 Bc3 35. Rd8+ Kg7 36. Rc8 Ra5 37. Rd7 Rxa2 38. Rcc7 Kg8 39. Rc8+ Kg7 40. Ne6+ Kh6 41. Nf4 $2 {[%emt 0:00:20][%mdl 8192] [#]} (41. Rxf7 $11 Re4 42. Rh7+ Kxh7 43. Ng5+ Kh6 44. Nxe4) 41... g5 $1 $19 42. Rc6+ {[%emt 0:00:10][%mdl 32768] Weighted Error Value: White=0.23 (precise) /Black=0.11 (very precise) .  Loses game:     	White=1     	---        Mistake:       	White=3     	Black=1      Inaccurate:     	White=2     	Black=3      OK:         	White=15    	Black=15     Best:        	White=1     	Black=1      Strong:       	---       	Black=1     . An unexpected result.} 1/2-1/2

[Event "Israeli U18-Team-ch 2024"]
[Site "Rishon LeZion"]
[Date "2024.08.01"]
[Round "5.6"]
[White "Laor, Jason Ethan"]
[Black "Kochavi, Dana"]
[Result "0-1"]
[ECO "C54"]
[WhiteElo "1841"]
[BlackElo "2135"]
[Annotator "RC"]
[PlyCount "70"]
[EventDate "2024.08.01"]
[EventType "team-tourn"]
[EventCountry "ISR"]
[SourceTitle "playchess.com"]
[Source "ChessBase"]
[SourceQuality "1"]
[TimeControl "3000+10"]

1. e4 e5 2. Nf3 Nc6 3. d4 exd4 4. Bc4 Bc5 5. c3 Nge7 6. cxd4 Bb4+ 7. Nc3 d5 8. exd5 Nxd5 9. O-O Be6 10. Qd3 h6 11. Bb3 O-O 12. a3 Be7 13. Bc2 Nf6 14. Ne4 Re8 15. b4 a6 16. Bb2 Nxe4 17. Qxe4 Bf6 18. Qh7+ Kf8 19. Rad1 Qd5 20. Be4 Qb3 21. d5 Bxb2 22. dxe6 Qxe6 23. Bd5 Qf6 24. Rfe1 g5 25. Bxc6 bxc6 26. h3 Bxa3 27. Rd7 Rxe1+ 28. Nxe1 Re8 29. Nd3 Re7 30. Rd8+ Re8 31. Rd7 c5 32. bxc5 c6 33. Ra7 Bxc5 34. Nxc5 Re1+ 35. Kh2 Qf4+ 0-1

[Event "Israeli U18-Team-ch 2024"]
[Site "Rishon LeZion"]
[Date "2024.08.01"]
[Round "5.7"]
[White "Duchan, Yoav"]
[Black "Beitner, Yehonatan"]
[Result "1-0"]
[ECO "B43"]
[WhiteElo "2008"]
[BlackElo "1929"]
[Annotator "RC"]
[PlyCount "67"]
[EventDate "2024.08.01"]
[EventType "team-tourn"]
[EventCountry "ISR"]
[SourceTitle "playchess.com"]
[Source "ChessBase"]
[SourceQuality "1"]
[TimeControl "3000+10"]

1. e4 c5 2. Nf3 e6 3. d4 cxd4 4. Nxd4 a6 5. Nc3 b5 6. g3 b4 7. Nce2 Bb7 8. Bg2 Nf6 9. Qd3 d6 10. O-O Nbd7 11. Bg5 Be7 12. c3 Ne5 13. Qc2 bxc3 14. Nxc3 Qb6 15. Qa4+ Nfd7 16. Be3 Ng4 17. Nxe6 Nxe3 18. Nxg7+ Kf8 19. fxe3 Bc6 20. Qd4 Qxd4 21. Ne6+ Ke8 22. Nxd4 Bb7 23. Nf5 Ne5 24. Bh3 Rg8 25. Rac1 Rb8 26. Nd5 Bxd5 27. exd5 Bf8 28. Rc7 Nd3 29. Nd4 Ne5 30. Nc6 Nxc6 31. dxc6 Bh6 32. Rcxf7 Rxb2 33. c7 Bxe3+ 34. Kh1 1-0

[Event "Israeli U18-Team-ch 2024"]
[Site "Rishon LeZion"]
[Date "2024.08.01"]
[Round "5.8"]
[White "David, Idan"]
[Black "Gurevich, Neria"]
[Result "1/2-1/2"]
[ECO "D02"]
[WhiteElo "1873"]
[BlackElo "1997"]
[Annotator "RC"]
[PlyCount "120"]
[EventDate "2024.08.01"]
[EventType "team-tourn"]
[EventCountry "ISR"]
[SourceTitle "playchess.com"]
[Source "ChessBase"]
[SourceQuality "1"]
[TimeControl "3000+10"]

1. d4 Nf6 2. Bf4 d5 3. e3 g6 4. Nf3 Bg7 5. h4 h5 6. Bd3 Bg4 7. Nbd2 O-O 8. c3 c5 9. a4 Nc6 10. Qc2 Nd7 11. Nh2 e5 12. dxe5 Ndxe5 13. Nxg4 Nxg4 14. Be2 Nge5 15. Rd1 Qe7 16. Bg5 Qe6 17. O-O Rfe8 18. Nf3 f6 19. Bf4 Rad8 20. Bg3 Rd7 21. Rd2 Red8 22. Rfd1 Kh7 23. Nxe5 fxe5 24. Bxh5 e4 25. Be2 d4 26. cxd4 cxd4 27. Qc4 Qxc4 28. Bxc4 d3 29. f3 Bh6 30. Kf2 Rf8 31. Bf4 exf3 32. gxf3 Bxf4 33. exf4 Rxf4 34. Bxd3 Kh6 35. Be4 Rxd2+ 36. Rxd2 Rxh4 37. Kg3 Rh5 38. f4 Rc5 39. Rd6 Ne7 40. Rd7 Nf5+ 41. Bxf5 gxf5 42. Rxb7 Rc2 43. a5 a6 44. Rb6+ Kh5 45. Rf6 Rxb2 46. Rxf5+ Kg6 47. Rc5 Kf6 48. Kg4 Rg2+ 49. Kf3 Rb2 50. Ke3 Rb4 51. Rc6+ Kf5 52. Rxa6 Re4+ 53. Kd3 Rxf4 54. Rb6 Ra4 55. a6 Ke5 56. Kc3 Kd5 57. Kb3 Kc5 58. Rg6 Ra1 59. Rg5+ Kb6 60. Rg8 Rxa6 1/2-1/2